 Dungeon Crawl Stone Soup version 0.28-a0-1182-g381e24db82 (webtiles) character file.

Game seed: 3071222592714798211

238 siradein the Sneak (level 5, 0/35 HPs)
             Began as a Vampire Summoner on Dec 17, 2021.
             Slain by an ice beast (12 damage)
             ... on level 4 of the Dungeon.
             The game lasted 00:05:36 (3199 turns).

siradein the Sneak (Vampire Summoner)               Turns: 3199, Time: 00:05:37

Health: 0/35       AC:  3    Str:  7    XL:     5   Next: 78%
Magic:  3/9        EV: 12    Int: 20    God:
Gold:   170        SH:  0    Dex: 14    Spells: 1/10 levels left

rFire   . . .      SeeInvis +   f - +2 dagger (venom)
rCold   . . .      Faith    .   (no shield)
rNeg    . . .      Spirit   .   e - +0 leather armour
rPois   .          Reflect  .   (no helmet)
rElec   .          Harm     .   (no cloak)
rCorr   .          Rampage  .   (no gloves)
Will    .....                   (no boots)
Stlth   +++.......              (no amulet)
HPRegen 0.31/turn               i - ring of wizardry
MPRegen 0.11/turn               (no ring)

@: healing quickly
A: alive, fangs 3, see invisible, vampiric 2
a: Exsanguinate


You were on level 4 of the Dungeon.
You visited 1 branch of the dungeon, and saw 4 of its levels.

You collected 170 gold pieces.

Inventory:

Hand Weapons
 f - a +2 dagger of venom (weapon)
Armour
 e - a +0 leather armour (worn)
Jewellery
 i - a ring of wizardry (left hand)
 r - a ring of ice
Scrolls
 b - 4 scrolls of identify {unknown}
 d - a scroll of enchant armour {unknown}
 g - a scroll of noise {unknown}
 j - a scroll of vulnerability {unknown}
 l - a scroll of fog {unknown}
 p - a scroll of magic mapping {unknown}
 v - a scroll of holy word {unknown}
 w - a scroll of blinking {unknown}
Potions
 a - 2 potions of curing {unknown}
 c - 3 potions of heal wounds {unknown}
 h - 2 potions of resistance {unknown}
 k - a potion of cancellation {unknown}
 m - a potion of flight {unknown}
 n - a potion of magic {unknown}
 o - 2 potions of might {unknown}
 q - 2 potions of lignification {unknown}
 s - a potion of invisibility {unknown}
 t - 2 potions of haste {unknown}
 u - a potion of berserk rage {unknown}


   Skills:
 + Level 3.8 Dodging
 + Level 5.4 Stealth
 + Level 3.2 Spellcasting
 + Level 4.9 Summonings


You had one spell level left.
You knew the following spells:

 Your Spells              Type           Power      Damage    Failure   Level
a - Summon Small Mammal   Summ           92%        N/A       1%          1
b - Call Imp              Summ           23%        N/A       1%          2
c - Call Canine Familiar  Summ           23%        N/A       3%          3
d - Summon Guardian Gole  Hex/Summ       13%        N/A       9%          3

Your spell library contained the following spells:

 Spells                   Type           Power      Damage    Failure   Level
 Gell's Gravitas          Tloc           3%         N/A       26%         3
 Lesser Beckoning         Tloc           3%         N/A       26%         3
 Teleport Other           Tloc           3%         N/A       26%         3
 Summon Lightning Spire   Summ/Air       13%        N/A       28%         4


Dungeon Overview and Level Annotations

Branches:
Dungeon (4/15)
 Temple: D:4-7

Altars:
Dithmenos

Shops:
D:1 [!

Portals:
Abyss: D:3

Annotations:
D:3 1 transporter, coolguy420's ghost, weakling DECj


Innate Abilities, Weirdness & Mutations

Your natural rate of healing is accelerated.
You have razor-sharp teeth.
You have supernaturally acute eyesight. (SInv)
You are afflicted with vampirism and can become a bat while bloodless.


Message History

Your hound bites the ice beast but does no damage.
The ice beast hits your hound.
Your hound dies!
Your hound's corpse disappears in a puff of smoke!
Your hound closely misses the ice beast.
You hit the ice beast.
The ice beast is lightly wounded.
Your white imp barely misses the ice beast.
The ice beast closely misses you.
Your hound bites the ice beast but does no damage.
You barely miss the ice beast.
The ice beast is lightly wounded.
Your white imp hits the ice beast but does no damage.
Your hound bites the ice beast.
The ice beast hits you. The ice beast freezes you!
Your hound bites the ice beast.
Your white imp closely misses the ice beast.
You hit the ice beast.
The ice beast is moderately wounded.
Your white imp hits the ice beast but does no damage.
Your hound barely misses the ice beast.
The ice beast hits you. The ice beast freezes you!
Your hound barely misses the ice beast.
Your white imp hits the ice beast.
Your white imp freezes the ice beast.
The ice beast completely resists.
You hit the ice beast. Your bite misses the ice beast.
The ice beast is heavily wounded.
Your hound barely misses the ice beast.
The ice beast barely misses you.
Your hound closely misses the ice beast.
Your white imp hits the ice beast but does no damage.
You hit the ice beast.
The ice beast is heavily wounded.
Your hound closely misses the ice beast.
The ice beast hits you but does no damage.
Your hound closely misses the ice beast.
Your white imp hits the ice beast but does no damage.
Your hound misses the ice beast.
Your hound scratches its ear.
Your hound barely misses the ice beast.
The ice beast hits you. The ice beast freezes you!
You die...

#O.# #. #....#
##.## # #....#
#..# #....#
##.## #....#
#..# ..# #....#
##.## ..# #....#
#..##..# #....#
##.##..# #.5h.#
#O.#..# #.@Y.#
##5#..# #....#
#.#>.# ######
#....# ##...#
#...# ##..#####
#.>....#
##############.#


You could see an ice beast (ally target), a friendly hound (summoned) and a
friendly white imp (summoned).

Vanquished Creatures
  Sigmund (D:2)
  2 adders
  2 worms
  3 dart slugs (D:1)
  2 orcs (D:3)
  3 endoplasms
  3 giant cockroaches
  A hobgoblin (D:3)
  3 jackals (D:2)
  3 kobolds
  3 quokkas
  5 ball pythons
  3 bats
  2 frilled lizards
  8 goblins
  A rat (D:2)
45 creatures vanquished.

Vanquished Creatures (collateral kills)
  A worm (D:2)
  2 orcs (D:3)
  3 endoplasms
  2 goblins
  A ball python (D:3)
  A bat (D:3)
  2 rats (D:1)
12 creatures vanquished.

Grand Total: 57 creatures vanquished

Notes
Turn   | Place    | Note
-------+----------+-------------------------------------------
     0 | D:1      | siradein the Vampire Summoner began the quest for the Orb.
     0 | D:1      | Reached XP level 1. HP: 13/13 MP: 3/3
   168 | D:1      | Reached XP level 2. HP: 19/19 MP: 3/5
   178 | D:1      | Learned a level 2 spell: Call Imp
   186 | D:1      | Found Daodanko's Armour Shoppe.
   396 | D:1      | Found Memis's Distillery.
   798 | D:2      | Gained mutation: You are afflicted with vampirism and can
                  | become a bat while bloodless. [Vampire growth]
   798 | D:2      | Reached XP level 3. HP: 18/24 MP: 6/6
   858 | D:2      | Noticed Sigmund
  1044 | D:2      | Killed Sigmund
  1045 | D:2      | Reached skill level 5 in Stealth
  1045 | D:2      | Reached XP level 4. HP: 22/30 MP: 4/8
  1045 | D:2      | Reached XP level 5. HP: 25/35 MP: 4/9
  1652 | D:2      | Found a faded altar of an unknown god.
  1680 | D:2      | Learned a level 3 spell: Call Canine Familiar
  1684 | D:2      | Learned a level 3 spell: Summon Guardian Golem
  1711 | D:3      | Found a transporter.
  1772 | D:3      | Found a one-way gate to the infinite horrors of the Abyss.
  1772 | D:3      | Noticed coolguy420's ghost (weakling DECj)
  1792 | D:3      | Noticed an ancient zyme
  2863 | D:4      | Noticed a two-headed ogre
  3096 | D:4      | Found a shadowy altar of Dithmenos.
  3174 | D:4      | Noticed an ice beast
  3199 | D:4      | Slain by an ice beast

Illustrated notes

Levels and vault maps discovered:
D:1:      sevenhm_arrival_forest_fort_large_2, layout_rooms, serial_shops,
          shop_statue, shop
D:2:      layout_loops_ring, shapermc_ecumenical_altar_mp_vishouse, uniq_sigmund
D:3:      layout_rooms, gammafunk_ghost_abyssal_escape, serial_co_window_serial,
          co_window_corner_a, co_window_corner_a, co_window_paths_b,
          co_window_paths_b, co_window_paths_a, co_window_corner_b,
          co_window_2corner, co_window_corner_b, co_window_corner_ca,
          glass_columns_b, glass_columns_b, glass_columns_a, glass_columns_b,
          dk_vineyard_1
D:4:      layout_basic, grunt_dithmenos_smoke

Skill      XL: |  1  2  3 |
---------------+----------+-----
Dodging        | 3 |  3.8
Stealth        | 5 |  5.4
Spellcasting   | 3 |  3.2
Summonings     | |  4.9

Action                   |  1- 3 |  4- 6 || total
-------------------------+-------+-------++-------
Melee: Club              |    29 |       ||    29
       Bite              |     3 |     4 ||     7
       Dagger            |    39 |    64 ||   103
 Cast: Summon Small Mamm |    11 |     2 ||    13
       Call Imp          |     3 |    10 ||    13
       Call Canine Famil |       |    11 ||    11
 Stab: Distracted        |     1 |       ||     1
       Sleeping          |     5 |     8 ||    13
Armor: Robe              |     8 |       ||     8
       Leather armour    |     3 |    11 ||    14
Dodge: Dodged            |    43 |    35 ||    78

Table legend: (Time is in decaauts)
 A = Elapsed time spent in this place.
 B = Non-inter-level travel time spent in this place.
 C = Inter-level travel time spent in this place.
 D = Time resting spent in this place.
 E = Time spent auto-exploring this place.
 F = Levels seen in this place.
 G = Mean time per level.
                   A        B        C        D        E       F      G
               +--------+--------+--------+--------+--------+-----+--------+
         Total |   3209 |   3141 |     68 |     98 |   2299 |   4 |  802.2 |
       Dungeon |   3209 |   3141 |     68 |     98 |   2299 |   4 |  802.2 |
               +--------+--------+--------+--------+--------+-----+--------+

Top non-repeatable levels by time:
     D:3: 1033 daAuts
     D:2: 890 daAuts
     D:1: 818 daAuts
     D:4: 467 daAuts
